 Dungeon Crawl Stone Soup version 0.29-a0-841-g116ddc6ace (webtiles) character file.

Game seed: 3842392418978256968

27625 kevlar127 the Fighter (level 13, -1/216 HPs)
             Began as a Troll Berserker on July 15, 2022.
             Was an Elder of Trog.
             Slain by a killer bee (3 damage)
             ... on level 5 of the Lair of Beasts.
             The game lasted 01:05:20 (16263 turns).

kevlar127 the Fighter (Troll Berserker)            Turns: 16263, Time: 01:05:21

Health: -1/216     AC: 14    Str: 32    XL:     13   Next: 5%
Magic:  12/12      EV: 12    Int:  6    God:    Trog [****..]
Gold:   722        SH:  5    Dex: 12    Spells: 12/12 levels left

rFire   + . .      SeeInvis .     - Unarmed
rCold   + . .      Faith    .   (no shield)
rNeg    . . .      Spirit   .   t - +0 storm dragon scales of Springtime {-Tele rElec Will++ Int+3 Dex+3}
rPois   +          Reflect  +   (helmet restricted)
rElec   +          Harm     .   N - scarf {rC+ rF+}
rCorr   +          Rampage  .   (gloves unavailable)
Will    ++...      NoTele   +   (boots unavailable)
Stlth   ..........              a - amulet of reflection
HPRegen 1.26/turn               w - ring "Ufo Pop" {rPois rCorr EV+4}
MPRegen 0.13/turn               L - ring of flight

@: berserking (expiring), marked, flying, studying 2 skills, very quick
A: large, unfitting armour, claws 3, regeneration 1, shaggy fur 1, tough skin 1
a: Renounce Religion, Berserk, Trog's Hand, Brothers in Arms


You were on level 5 of the Lair of Beasts.
You worshipped Trog.
Trog was greatly pleased with you.
You visited 3 branches of the dungeon, and saw 17 of its levels.
You also visited: Sewer.

You collected 1392 gold pieces.
You spent 670 gold pieces at shops.

Inventory:

Missiles
 d - 107 stones (quivered)
 i - a throwing net
 x - 15 poisoned darts
 E - 6 large rocks
 I - 2 atropa-tipped darts
Armour
 t - the +0 storm dragon scales of Springtime (worn) {-Tele rElec Will++ Int+3 Dex+3}
   (You acquired it on level 3 of the Dungeon)

   Int:       It affects your intelligence (+3).
   Dex:       It affects your dexterity (+3).
   rElec:     It insulates you from electricity.
   -Tele:     It prevents most forms of teleportation.
   Will:      It greatly increases your willpower.
 N - a scarf of resistance (worn)
 Q - a +2 kite shield of reflection
Jewellery
 a - an amulet of reflection (around neck)
 l - a +4 ring of protection
 w - the ring "Ufo Pop" (left claw) {rPois rCorr EV+4}
   (You bought it in a shop on level 1 of the Dungeon)

   [ring of evasion]

   EV:        It affects your evasion (+4).
   rPois:     It protects you from poison.
   rCorr:     It protects you from acid and corrosion.
 B - a ring of protection from cold
 L - a ring of flight (right claw)
 R - a ring of ice
Wands
 p - a wand of iceblast (17)
 z - a wand of paralysis (7)
 H - a wand of flame (12)
 M - a wand of polymorph (9)
 O - a wand of quicksilver (4)
Scrolls
 b - 3 scrolls of fog {unknown}
 j - 8 scrolls of teleportation
 m - 6 scrolls of identify
 r - 4 scrolls of poison {unknown}
 s - 3 scrolls of magic mapping {unknown}
 u - 2 scrolls of vulnerability {unknown}
 v - a scroll of fear
 y - 2 scrolls of enchant armour {unknown}
 C - 2 scrolls of immolation {unknown}
 G - 4 scrolls of noise
 J - 2 scrolls of silence {unknown}
 K - 3 scrolls of enchant weapon {unknown}
 P - a scroll of brand weapon {unknown}
Potions
 c - 4 potions of attraction
 e - a potion of magic {unknown}
 f - 2 potions of brilliance
 g - 6 potions of degeneration
 h - 2 potions of haste {unknown}
 k - 2 potions of berserk rage {unknown}
 n - 5 potions of lignification
 o - a potion of resistance
 q - 6 potions of heal wounds
 A - 12 potions of curing
 D - 3 potions of flight {unknown}
 F - a potion of ambrosia {unknown}
 S - a potion of mutation {unknown}


   Skills:
 + Level 13.1 Fighting
 + Level 12.3 Throwing
 - Level 5.0 Armour
 - Level 3.0 Dodging
 + Level 3.0 Shields
 + Level 12.9 Unarmed Combat
 - Level 5.0 Evocations


You had 12 spell levels left.
You didn't know any spells.
Your spell library was empty.

Dungeon Overview and Level Annotations

Branches:
Dungeon (11/15)            Temple (1/1) D:7            Lair (5/6) D:10
 Shoals (0/4) Lair:3       Spider (0/4) Lair:3          Orc (0/2) D:11
  Sewer (visited)
  Slime: Lair:5-6

Altars:
Ashenzari
Cheibriados
Dithmenos
Elyvilon
Fedhas
Gozag
Hepliaklqana
Kikubaaqudgha
Makhleb
Nemelex Xobeh
Okawaru
Qazlal
Ru
Sif Muna
Trog
Uskayaw
Vehumet
Wu Jian
Xom
Yredelemnul
Zin
The Shining One

Shops:
D:1 =   D:3 ?   D:6 *   D:7 ??(   D:9 [

Annotations:
Lair:5 SirDiesAlot's ghost, journeyman DEEE


Innate Abilities, Weirdness & Mutations

You are too large for most types of armour.
You have claws for hands.
Your natural rate of healing is unusually fast.
You are covered in fur. (AC +1)
You have tough skin. (AC +1)


Message History

The killer bee stings you but does no damage.
You eviscerate the killer bee!!!
You kill the killer bee!
Trog accepts your kill. The killer bee barely misses you.
The killer bee closely misses you.
You completely miss the killer bee.
You feel sick.
You are no longer poisoned.
The killer bee stings you.
* * * LOW HITPOINT WARNING * * *
The killer bee stings you.
* * * LOW HITPOINT WARNING * * *
The killer bee barely misses you.
You miss the killer bee.
The killer bee stings you but does no damage.
You block the killer bee's attack. The killer bee barely misses you.
You miss the killer bee.
The queen bee calls on the killer bee to defend it!
The killer bee goes berserk!
The killer bee closely misses you.
The killer bee stings you but does no damage. x2
You eviscerate the killer bee!!!
You kill the killer bee!
Trog accepts your kill. The killer bee stings you.
* * * LOW HITPOINT WARNING * * *
You closely miss the killer bee.
The killer bee stings you but does no damage.
The killer bee barely misses you. The killer bee stings you.
* * * LOW HITPOINT WARNING * * *
The queen bee calls on the killer bee to defend it!
The killer bee goes berserk!
You mangle the killer bee!!
The killer bee is severely wounded.
The killer bee rages.
The killer bee stings you!
* * * LOW HITPOINT WARNING * * *
The meliai calls down the wrath of its god upon you.
Something smites you!
* * * LOW HITPOINT WARNING * * *
The killer bee stings you.
You die...

.....## ..#. ....... #...
$...... #..##
.......###### #P..#
........#.yy# #...####
........#.yy#####..P.#.##
......yyyFyyyy.#.P......##
....)....#yyyyy...........
....yyy######@#....P##..
###.y.. ######...# #!..#
##.### #.#.. #...# #y##y.
..####...###### . .y #.y
............#.###..
...........#..#....
.............=.....
P..<..........###©#


You could see a cane toad, a queen bee, a meliai and 14 killer bees.

Vanquished Creatures
  2 two-headed ogres
  The ghost of pigah the Zephyrmancer, a journeyman OpAE (D:10)
  An orb spider (Lair:3)
  An ugly thing (D:11)
  A manticore (D:11)
  4 oklob plants (Lair:1)
  3 black mambas
  3 cane toads
  A gargoyle (D:11)
  A kobold demonologist (D:5)
  A rime drake (Lair:1)
  Psyche (D:8)
  8 komodo dragons
  3 trolls
  A polar bear (Lair:4)
  A hornet (D:8)
  2 meliai (Lair:5)
  6 blink frogs
  A vampire (D:10)
  2 wyverns
  2 wraiths (D:9)
  42 yaks
  2 basilisks
  2 steam dragons
  3 vampire mosquitoes (D:10)
  11 water moccasins
  5 orc warriors
  An ice beast (D:6)
  3 black bears
  5 sky beasts
  3 ogres
  6 wolves
  6 phantoms
  2 centaurs
  9 bullfrogs
  A kobold brigand (D:10)
  A necrophage (D:6)
  A gnoll sergeant (D:10)
  3 scorpions
  8 wights
  9 killer bees
  4 howler monkeys
  2 electric eels
  2 hounds
  A jelly (D:7)
  4 orc priests
  A gnoll bouda (D:4)
  2 iguanas
  13 orc wizards
  A hell rat (Sewer)
  Robin (D:3)
  4 adders
  8 gnolls
  4 river rats (Sewer)
  A shadow imp (D:7)
  3 white imps
  3 worms
  2 dart slugs
  46 orcs
  5 ball pythons
  7 endoplasms
  2 giant cockroaches
  17 goblins
  8 hobgoblins
  7 jackals
  5 kobolds
  4 quokkas
  7 bats
  5 frilled lizards
  10 rats
348 creatures vanquished.

Vanquished Creatures (collateral kills)
  2 hydras
2 creatures vanquished.

Vanquished Creatures (others)
  An orc (D:7)
  2 demonic plants (D:1)
  13 fungi
  36 plants
  4 withered plants
56 creatures vanquished.

Grand Total: 406 creatures vanquished

Notes
Turn   | Place    | Note
-------+----------+-------------------------------------------
     0 | D:1      | kevlar127 the Troll Berserker began the quest for the Orb.
     0 | D:1      | Reached XP level 1. HP: 22/22 MP: 0/0
    86 | D:1      | Reached XP level 2. HP: 29/29 MP: 1/1
   233 | D:1      | Found a faded altar of an unknown god.
   266 | D:1      | Found Kyrghi's Jewellery Boutique.
   577 | D:2      | Reached XP level 3. HP: 36/36 MP: 2/2
   740 | D:2      | Reached ** piety under Trog
  1363 | D:3      | Found Jotal's Magic Scroll Shoppe.
  1393 | D:3      | Found a broken altar of Ashenzari.
  1446 | D:3      | Found a glowing golden altar of the Shining One.
  1446 | D:3      | Found a white marble altar of Elyvilon.
  1446 | D:3      | Found a glowing silver altar of Zin.
  1537 | D:3      | Reached skill level 3 in Fighting
  1539 | D:3      | Found a glowing drain.
  1606 | Sewer    | Entered a sewer
  1614 | Sewer    | Reached XP level 4. HP: 36/45 MP: 3/3
  1934 | D:3      | Noticed Robin
  1942 | D:3      | Reached XP level 5. HP: 43/53 MP: 4/4
  1962 | D:3      | Identified 2 scrolls of acquirement
  1962 | D:3      | Acquired the +0 storm dragon scales of Springtime {-Tele
                  | rElec Will++ Int+3 Dex+3}
  1975 | D:3      | Killed Robin
  1978 | D:3      | Reached *** piety under Trog
  2199 | D:3      | Acquired a manual of Throwing
  2362 | D:3      | Found a sacrificial altar of Ru.
  2362 | D:3      | Found an ornate altar of the Wu Jian Council.
  2540 | D:3      | Bought a scroll of fear for 52 gold pieces
  2540 | D:3      | Bought a scroll of amnesia for 52 gold pieces
  2621 | D:4      | Reached skill level 1 in Throwing
  2931 | D:4      | Reached skill level 4 in Fighting
  2931 | D:4      | Reached XP level 6. HP: 49/62 MP: 5/5
  2983 | D:5      | Entered Level 5 of the Dungeon
  2988 | D:5      | Reached skill level 5 in Unarmed Combat
  3060 | D:5      | Reached skill level 1 in Armour
  3080 | D:5      | Noticed a kobold demonologist
  3089 | D:5      | Killed a kobold demonologist
  3090 | D:5      | Reached skill level 5 in Fighting
  3090 | D:5      | Reached XP level 7. HP: 69/72 MP: 6/6
  3451 | D:5      | Reached XP level 8. HP: 79/81 MP: 7/7
  3480 | D:5      | Reached **** piety under Trog
  3895 | D:6      | Reached skill level 6 in Fighting
  4614 | D:6      | Reached XP level 9. HP: 86/92 MP: 8/8
  4638 | D:6      | Found Sionis's General Store.
  4731 | D:6      | Reached skill level 7 in Fighting
  4761 | D:6      | Identified the +3 war axe of Zin's Condemnation {holy,
                  | Dex+3}
  5212 | D:7      | Found a shimmering blue altar of Sif Muna.
  5233 | D:7      | Reached ***** piety under Trog
  5300 | D:7      | Found a staircase to the Ecumenical Temple.
  5465 | D:7      | Found Refretiv's Weapon Shop.
  5500 | D:7      | Found Irames's Magic Scroll Shop.
  5606 | D:7      | Found Paaloat's Magic Scroll Shoppe.
  5611 | D:7      | Bought a scroll of noise for 14 gold pieces
  5766 | D:8      | Found a radiant altar of Vehumet.
  6099 | D:8      | Reached XP level 10. HP: 62/104 MP: 9/9
  6161 | D:7      | Bought a scroll of identify for 24 gold pieces
  6164 | D:7      | Acquired a manual of Fighting
  6241 | D:8      | Noticed Psyche
  6262 | D:8      | Reached skill level 8 in Fighting
  6264 | D:8      | Killed Psyche
  6265 | D:8      | Reached skill level 5 in Armour
  6644 | Temple   | Entered the Ecumenical Temple
  7277 | D:9      | Found Ivuicvoi's Armour Shop.
  7315 | D:9      | Reached skill level 5 in Throwing
  7337 | D:9      | Reached skill level 10 in Unarmed Combat
  7679 | D:9      | Identified the +2 great sword of Dishonesty {vorpal, rPois
                  | rN+ Str+4 Dex-4}
  7853 | D:9      | Reached skill level 9 in Fighting
  7879 | D:9      | Reached skill level 1 in Evocations
  8089 | D:10     | Entered Level 10 of the Dungeon
  8089 | D:10     | Found a staircase to the Lair.
  8270 | D:10     | Identified the +7 giant club "Luinokh" {flame, rCorr Int-4
                  | SInv} (Trog gifted it to you on level 10 of the Dungeon)
  8270 | D:10     | Received a gift from Trog
  8307 | D:10     | Noticed a two-headed ogre
  8345 | D:10     | Killed a two-headed ogre
  8346 | D:10     | Reached XP level 11. HP: 45/117 MP: 10/10
  8523 | D:10     | Reached skill level 10 in Fighting
  8570 | D:10     | Found a hazy altar of Hepliaklqana.
  8570 | D:10     | Found a snail-covered altar of Cheibriados.
  8659 | D:10     | Found a runed translucent door.
  8659 | D:10     | Noticed pigah's ghost (journeyman OpAE)
  8791 | D:10     | Killed pigah's ghost
  8962 | D:1      | Bought the ring "Ufo Pop" {rPois rCorr EV+4} for 528 gold
                  | pieces
  9260 | D:11     | Noticed a two-headed ogre
  9266 | D:11     | Killed a two-headed ogre
  9342 | D:11     | Noticed a red ugly thing
  9354 | D:11     | Killed a red ugly thing
 10741 | D:11     | Found a staircase to the Orcish Mines.
 11683 | Lair:1   | Entered Level 1 of the Lair of Beasts
 11721 | Lair:1   | Reached skill level 11 in Fighting
 11811 | Lair:1   | Reached skill level 10 in Throwing
 12017 | Lair:1   | Noticed an oklob plant
 12017 | Lair:1   | Noticed an oklob plant
 12022 | Lair:1   | Killed an oklob plant
 12026 | Lair:1   | Killed an oklob plant
 12026 | Lair:1   | Received a gift from Trog
 12046 | Lair:1   | Noticed an oklob plant
 12046 | Lair:1   | Noticed an oklob plant
 12057 | Lair:1   | Killed an oklob plant
 12058 | Lair:1   | Reached XP level 12. HP: 75/131 MP: 11/11
 12274 | Lair:1   | Found a frozen archway.
 13282 | Lair:2   | Reached skill level 12 in Fighting
 13711 | Lair:2   | Identified the +0 leather armour "Piakhip" {Harm}
 13754 | Lair:2   | Noticed a seven-headed hydra
 13773 | Lair:2   | Killed a seven-headed hydra
 14261 | Lair:3   | Reached skill level 1 in Shields
 14554 | Lair:3   | Found a hole to the Spider Nest.
 14581 | Lair:3   | Noticed an eight-headed hydra
 14585 | Lair:3   | Killed an eight-headed hydra
 14907 | Lair:3   | Found a staircase to the Shoals.
 14946 | Lair:3   | Reached skill level 5 in Evocations
 15339 | Lair:4   | Reached skill level 13 in Fighting
 15800 | Lair:4   | Reached XP level 13. HP: 140/144 MP: 12/12
 16195 | Lair:5   | Noticed SirDiesAlot's ghost (journeyman DEEE)
 16263 | Lair:5   | HP: 2/216 [meliai/divine providence (11)]
 16263 | Lair:5   | Slain by a killer bee

Illustrated notes

Levels and vault maps discovered:
D:1:      sevenhm_arrival_forest_fort_large_2, layout_rooms, serial_shops, shop,
          shapermc_ecumenical_altar_gd
D:2:      layout_loops_corners, dreamdust_princess_corridor
D:3:      layout_basic, good_gods_mini_temple, ashenzari_conservatory_becter,
          nicolae_overflow_two_pavilions, serial_shops,
          nicolae_shop_advertising_works [nicolae_subvault_shop_adworks],
          cheibrodos_sewer_entry_bend, uniq_robin
D:4:      layout_rooms
D:5:      layout_loops_ring, minmay_small_thing
D:6:      layout_cave_pods, serial_shops, shop_statue
D:7:      layout_cave_pools, nicolae_sif_muna_condensation,
          minmay_temple_entry_trees, serial_shops, nicolae_diamond_shop,
          shop_scrolls, shop
D:8:      layout_loops_cross, vehumet_crystals, uniq_psyche
D:9:      layout_basic, serial_shops,
          nicolae_shop_temple_entry_statues_fountains
D:10:     layout_big_octagon, amethyst_overflow_temple_binary, lair_entry_dummy,
          gammafunk_ghost_grave, minmay_diced_spiral
D:11:     layout_cave_pools, hiddenorc1_lemuel, kennysheep_nondescript
Temple:   hellmonk_temple_two_chambers
Lair:1:   dpeg_oklob_gauntlet, layout_long_grid,
          portal_ice_cave_entry_pillars_2, beast_lair_carwin_2,
          serial_bayou_shore_a, grunt_megastairs_5, lemuel_fruit_fields
Lair:2:   layout_regular_city, gauntlet_entry_generic,
          hangedman_lair_unloving_vines
Lair:3:   layout_gridlike, elwin_shoals_entry_rocks,
          nicolae_spider_entry_orb_guardian, beast_lair_carwin_4
Lair:4:   layout_regular_city
Lair:5:   layout_roguey [special_room_bee], slime_entry_1,
          gammafunk_ghost_berserking_beasts, lemuel_fruit_fields

Skill      XL: |  1  2  3  4  5  6  7  8  9 10 11 12 13 |
---------------+----------------------------------------+-----
Dodging        | 3 |  3.0
Fighting       | 3 4 5 6 7 9 11 13 | 13.1
Unarmed Combat | 4 6 8 9 10 11 12 | 12.9
Throwing       | 1 4 7 10 12 | 12.3
Armour         | 1 2 3 4 5 |  5.0
Evocations     | 2 3 5 |  5.0
Shields        | 2 3 |  3.0

Action                   |  1- 3 |  4- 6 |  7- 9 | 10-12 | 13-15 || total
-------------------------+-------+-------+-------+-------+-------++-------
Melee: Unarmed           |   103 |   163 |   258 |   488 |    30 ||  1042
       Punch             |     3 |     8 |     9 |    33 |     1 ||    54
Throw: Boomerang         |       |       |       |   146 |       ||   146
       Stone             |       |       |       |    74 |     2 ||    76
Invok: Trog's Hand       |       |     2 |     1 |     4 |     1 ||     8
       Berserk           |       |     1 |       |     4 |     1 ||     6
       Brothers in Arms  |       |       |       |     2 |       ||     2
Evoke: Wand              |       |       |       |     5 |       ||     5
  Use: Scroll            |       |     2 |     1 |     8 |       ||    11
       Potion            |       |       |       |     1 |       ||     1
 Stab: Sleeping          |     1 |       |       |       |       ||     1
Armor: Animal skin       |    25 |    26 |       |       |       ||    51
       Storm dragon scal |       |    46 |   135 |   268 |    27 ||   476
Dodge: Dodged            |    43 |    82 |    52 |   180 |    52 ||   409
Block: Other             |       |    19 |    48 |   116 |    19 ||   202
       Reflection        |       |       |       |     3 |       ||     3

Table legend: (Time is in decaauts)
 A = Elapsed time spent in this place.
 B = Non-inter-level travel time spent in this place.
 C = Inter-level travel time spent in this place.
 D = Time resting spent in this place.
 E = Time spent auto-exploring this place.
 F = Levels seen in this place.
 G = Mean time per level.
                   A        B        C        D        E       F      G
               +--------+--------+--------+--------+--------+-----+--------+
         Total |  16118 |  14769 |   1349 |   3915 |   8597 |  18 |  895.4 |
       Dungeon |  11500 |  10263 |   1237 |   3046 |   5590 |  11 | 1045.5 |
        Temple |     20 |     16 |      4 |      0 |     10 |   1 |   20.0 |
          Lair |   4486 |   4378 |    108 |    868 |   2934 |   5 |  897.2 |
         Sewer |    111 |    111 |      0 |      0 |     62 |   1 |  111.0 |
               +--------+--------+--------+--------+--------+-----+--------+

Top non-repeatable levels by time:
    D:11: 1667 daAuts
     D:6: 1460 daAuts
    D:10: 1401 daAuts
  Lair:1: 1398 daAuts
     D:3: 1258 daAuts
     D:8: 1117 daAuts
  Lair:3: 1098 daAuts
  Lair:2: 1009 daAuts
     D:9: 992 daAuts
     D:5: 934 daAuts
  Lair:4: 907 daAuts
     D:2: 835 daAuts
     D:7: 724 daAuts
     D:1: 589 daAuts
     D:4: 519 daAuts
